Crunch vs Bears

Created - Thursday, November 26, 2015 at 00:42

Goals
1 2 3 T
Crunch 4 5 0 9
Bears 0 0 0 0
Shots
1 2 3 T
Crunch 15 10 4 29
Bears 6 3 4 13

1st period

1. Crunch , Martin Havlat 12 (Travis Moen) at 2:17
2. Crunch , Markus Lauridsen 1 (Daniel Cleary, Dustin Jeffrey) at 5:38
3. Crunch , Karl Stollery 3 (Travis Moen, Martin Havlat) at 16:57 (PP)
4. Crunch , Matt Cooke 7 (Jordin Tootoo, Scott Hannan) at 18:03

Penalties :
Kyle Cumiskey (Her) for Holding (Minor) at 0:09, Steve Oleksy (Her) for Tripping (Minor) at 16:02

2nd period

5. Crunch , Jordin Tootoo 10 (Matt Cooke) at 0:33
6. Crunch , Scott Hannan 3 (Martin Havlat, Matt Hunwick) at 6:58 (PP)
7. Crunch , Karl Stollery 4 (Daniel Carr, Nolan Yonkman) at 7:52
8. Crunch , Sam Carrick 7 (Jordin Tootoo, Matt Cooke) at 8:20
9. Crunch , Sam Carrick 8 (Jordin Tootoo, Nolan Yonkman) at 11:19

Penalties :
Maxim Noreau (Her) for Roughing (Minor) at 1:14, Chad LaRose (Her) for Holding (Minor) at 5:13, Chad LaRose (Her) for Holding Stick (Minor) at 19:07

3rd period

No Goal

Penalties :
Justin Florek (Her) for Fighting (Major) at 2:18, Travis Oleksuk (SYR) for Fighting (Major) at 2:18, Kevin Henderson (Her) for Fighting (Major) at 2:27, Jordin Tootoo (SYR) for Fighting (Major) at 2:27

Goalie Stats

Aaron Dell (SYR), 13 saves from 13 shots - (1.000), W, 5-1-0, 60:00 minutes
FARM GOALIE1 (Her), 19 saves from 24 shots - (0.792), L, 0-9-0, 49:43 minutes
FARM GOALIE11 (Her), 1 saves from 5 shots - (0.200), 10:17 minutes

Players Stats for Crunch

Player Name              G  A  P  +/- PIM S  H  SB GA TA FO     MP     PP MP  PK MP  
------------------------------------------------------------------------------------
Casey Wellman            0  0  0   1  0   1  4  0  0  0  3/9    17:32   3:45   0:00 
Corban Knight            0  0  0   1  0   0  1  0  2  0  3/5    13:23   0:00   0:00 
Daniel Carr              0  1  1   1  0   1  1  0  2  0  0/0    11:35   0:00   0:00 
Daniel Cleary            0  1  1   1  0   2  1  1  3  2  0/0    13:00   0:00   0:00 
Dustin Jeffrey           0  1  1   1  0   0  4  0  2  0  0/0    13:53   0:00   0:00 
Jordin Tootoo            1  3  4   4  5   4  4  0  8  0  0/1    16:30   4:52   0:00 
Karl Stollery            2  0  2   2  0   4  1  0  0  5  0/0    21:07   4:29   0:00 
Markus Lauridsen         1  0  1   1  0   2  1  0  0  0  0/0    17:30   0:00   0:00 
Martin Havlat            1  2  3   1  0   1  0  0  4  0  0/1    18:39   3:45   0:00 
Matt Cooke               1  2  3   4  0   3  3  2  4  0  0/1    18:50   4:52   0:00 
Matt Hunwick             0  1  1   4  0   0  1  1  0  0  0/0    21:23   4:08   0:00 
Nick Jensen              0  0  0   1  0   1  0  1  2  1  0/0    17:30   0:00   0:00 
Nolan Yonkman            0  2  2   2  0   1  5  0  0  0  0/0    21:07   4:29   0:00 
Sam Carrick              2  0  2   4  0   2  1  0  0  0  3/16   18:24   4:52   0:00 
Scott Hannan             1  1  2   4  0   3  0  0  1  0  0/0    21:23   4:08   0:00 
Stanislav Galiev         0  0  0   1  0   3  0  0  4  1  0/0    11:04   0:00   0:00 
Travis Moen              0  2  2   1  0   1  3  0  0  0  0/1    17:32   3:45   0:00 
Travis Oleksuk           0  0  0   1  5   0  3  0  0  0  2/2     9:36   0:00   0:00 

Players Stats for Bears

Player Name              G  A  P  +/- PIM S  H  SB GA TA FO     MP     PP MP  PK MP  
------------------------------------------------------------------------------------
Andreas Athanasiou       0  0  0   0  0   0  0  0  0  0  0/0     4:30   0:00   0:00 
Ben Youds                0  0  0  -3  0   1  0  3  0  2  0/0    23:32   0:00   4:50 
Brad Mills               0  0  0   0  0   0  1  0  0  1  2/2    13:35   0:00   2:47 
Brandon Gormley          0  0  0  -2  0   2  0  2  2  4  0/0    15:30   0:00   0:00 
Brett Sutter             0  0  0  -2  0   1  2  1  0  0  13/16  21:58   0:00   2:20 
Chad LaRose              0  0  0  -5  4   0  1  1  0  0  3/4    20:45   0:00   3:11 
David Dziurzynski        0  0  0   0  0   2  1  0  0  0  1/1     9:39   0:00   0:21 
Greg Miller              0  0  0   0  0   0  0  0  0  0  0/0     0:55   0:00   0:00 
Jeremy Langlois          0  0  0  -1  0   2  0  0  2  2  0/1    17:46   0:00   0:00 
Jesse Root               0  0  0   0  0   0  0  0  0  0  1/1     5:54   0:00   0:00 
Justin Florek            0  0  0  -2  5   1  2  0  4  1  1/2    19:44   0:00   2:18 
Kevin Henderson          0  0  0  -5  5   0  2  1  1  2  0/0    18:31   0:00   1:11 
Kyle Cumiskey            0  0  0  -3  2   0  1  1  0  1  0/0    21:50   0:00   3:47 
Ludwig Bystrom           0  0  0  -2  0   1  0  1  0  2  0/0    15:06   0:00   0:00 
Luke Adam                0  0  0  -5  0   2  3  0  3  0  3/6    23:03   0:00   4:54 
Maxim Noreau             0  0  0  -3  2   0  2  2  0  5  0/0    24:01   0:00   5:46 
Steve Oleksy             0  0  0  -2  2   0  1  0  2  1  0/0    21:23   0:00   2:51 
Tyler Brown              0  0  0   0  0   1  0  0  1  1  1/3    13:34   0:00   0:12 

3 Stars

1 - Matt Cooke (SYR)
2 - Sam Carrick (SYR)
3 - Jordin Tootoo (SYR)

Power Play

Crunch - 2 on 5 Attempt(s) - 40.00%
Bears - 0 on 0 Attempt(s) - 0.00%

Penalty Kill

Crunch - 0 on 0 Attempt(s) - 0.00% - Score 0 goal in Penalty Kill
Bears - 3 on 5 Attempt(s) - 60.00% - Score 0 goal in Penalty Kill

Team Stat

Crunch - Hits : 33 - Faceoff Wins : 11 - Blocked Shots : 5 - Penalty Minutes : 10
Bears - Hits : 16 - Faceoff Wins : 25 - Blocked Shots : 12 - Penalty Minutes : 20

Official

Referees : Unknown
Linesman : Unknown

Game Notes

FARM GOALIE11 enters game at 18:03 of 1st period
FARM GOALIE1 enters game at 8:20 of 2nd period
Justin Florek and Travis Oleksuk fight to a draw at 2:18 of 3rd period
Kevin Henderson and Jordin Tootoo fight to a draw at 2:27 of 3rd period

Finance

Level 1 -- Attendance: 1642 (82.10%) -- Ticket Income $57,470
Level 2 -- Attendance: 802 (80.20%) -- Ticket Income $12,030
Total Attendance: 2444 (81.47%)
Total Ticket Income: $69,500
Other Income: $34,055
Total Income: $103,555

Crunch

5 vs 5 Forward 
   Center                   Left Wing                Right Wing               Time % Phy DF OF 
 1 Sam Carrick              Jordin Tootoo            Matt Cooke               30     1   2  2  
 2 Casey Wellman            Martin Havlat            Travis Moen              30     1   2  2  
 3 Corban Knight            Dustin Jeffrey           Daniel Cleary            25     1   2  2  
 4 Travis Oleksuk           Daniel Carr              Stanislav Galiev         15     1   2  2  

5 vs 5 Defense 
   Defense                  Defense                                           Time % Phy DF OF 
 1 Scott Hannan             Matt Hunwick                                      34     1   2  2  
 2 Karl Stollery            Nolan Yonkman                                     33     1   2  2  
 3 Markus Lauridsen         Nick Jensen                                       33     1   2  2  
 4 Scott Hannan             Matt Hunwick                                      0      1   2  2  

PowerPlay Forward 
   Center                   Left Wing                Right Wing               Time % Phy DF OF 
 1 Sam Carrick              Jordin Tootoo            Matt Cooke               50     1   1  3  
 2 Casey Wellman            Martin Havlat            Travis Moen              50     0   1  4  

PowerPlay Defense
   Defense                  Defense                                           Time % Phy DF OF 
 1 Scott Hannan             Matt Hunwick                                      50     1   2  2  
 2 Karl Stollery            Nolan Yonkman                                     50     1   2  2  

Penalty Kill 4 Players Forward 
   Center                   Wing                     Time % Phy DF OF 
 1 Dustin Jeffrey           Daniel Cleary            50     1   4  0  
 2 Sam Carrick              Travis Moen              50     1   4  0  

Penalty Kill 4 Players Defense
   Defense                  Defense                  Time % Phy DF OF 
 1 Scott Hannan             Matt Hunwick             50     1   4  0  
 2 Karl Stollery            Nolan Yonkman            50     1   4  0  

Penalty Kill - 3 Players Forward 
   Forward                                           Time % Phy DF OF 
 1 Dustin Jeffrey                                    50     1   4  0  
 2 Sam Carrick                                       50     1   4  0  

Penalty Kill - 3 Players Defense
   Defense                  Defense                  Time % Phy DF OF 
 1 Matt Hunwick             Scott Hannan             50     1   4  0  
 2 Karl Stollery            Nolan Yonkman            50     1   4  0  

4 vs 4 Forward 
   Center                   Wing                     Time % Phy DF OF 
 1 Sam Carrick              Jordin Tootoo            50     1   1  3  
 2 Casey Wellman            Martin Havlat            50     0   1  4  

4 vs 4 Defense
   Defense                  Defense                  Time % Phy DF OF 
 1 Scott Hannan             Matt Hunwick             50     1   2  2  
 2 Karl Stollery            Nolan Yonkman            50     1   2  2  

Last Minutes Offensive
   Center                   Left Wing                Right Wing               Defense                  Defense                  
   Sam Carrick              Jordin Tootoo            Matt Cooke               Matt Hunwick             Scott Hannan             

Last Minutes Defensive
   Center                   Left Wing                Right Wing               Defense                  Defense                  
   Sam Carrick              Travis Moen              Matt Cooke               Karl Stollery            Scott Hannan             

Goaltenders
Starting : Aaron Dell               
Backup : Richard Bachman          

Extra Forwards
Normal : Martin Havlat, Jordin Tootoo, Matt Cooke - PP : Martin Havlat, Jordin Tootoo - PK : Matt Cooke
Extra Defensemen
Normal : Scott Hannan, Matt Hunwick, Karl Stollery - PP : Scott Hannan - PK : Scott Hannan, Karl Stollery
Penalty Shots
Stanislav Galiev, Dustin Jeffrey, Casey Wellman, Daniel Carr, Travis Oleksuk

Bears

5 vs 5 Forward 
   Center                   Left Wing                Right Wing               Time % Phy DF OF 
 1 Luke Adam                Kevin Henderson          Chad LaRose              35     1   2  2  
 2 Brett Sutter             Justin Florek            Jeremy Langlois          30     1   2  2  
 3 Tyler Brown              Brett Sutter             Luke Adam                22     1   2  2  
 4 Brett Sutter             Kevin Henderson          Justin Florek            13     1   2  2  

5 vs 5 Defense 
   Defense                  Defense                                           Time % Phy DF OF 
 1 Maxim Noreau             Kyle Cumiskey                                     35     1   2  2  
 2 Ben Youds                Steve Oleksy                                      30     1   2  2  
 3 Ludwig Bystrom           Brandon Gormley                                   22     1   2  2  
 4 Maxim Noreau             Kyle Cumiskey                                     13     1   2  2  

PowerPlay Forward 
   Center                   Left Wing                Right Wing               Time % Phy DF OF 
 1 Luke Adam                Tyler Brown              Chad LaRose              60     1   2  2  
 2 Brett Sutter             Justin Florek            Jeremy Langlois          40     1   2  2  

PowerPlay Defense
   Defense                  Defense                                           Time % Phy DF OF 
 1 Maxim Noreau             Kyle Cumiskey                                     60     1   2  2  
 2 Ben Youds                Steve Oleksy                                      40     1   2  2  

Penalty Kill 4 Players Forward 
   Center                   Wing                     Time % Phy DF OF 
 1 Chad LaRose              Luke Adam                60     1   2  2  
 2 Brett Sutter             Justin Florek            40     1   2  2  

Penalty Kill 4 Players Defense
   Defense                  Defense                  Time % Phy DF OF 
 1 Maxim Noreau             Kyle Cumiskey            60     1   2  2  
 2 Ben Youds                Steve Oleksy             40     1   2  2  

Penalty Kill - 3 Players Forward 
   Forward                                           Time % Phy DF OF 
 1 Justin Florek                                     60     1   2  2  
 2 Brett Sutter                                      40     1   2  2  

Penalty Kill - 3 Players Defense
   Defense                  Defense                  Time % Phy DF OF 
 1 Maxim Noreau             Kyle Cumiskey            60     1   2  2  
 2 Ben Youds                Steve Oleksy             40     1   2  2  

4 vs 4 Forward 
   Center                   Wing                     Time % Phy DF OF 
 1 Chad LaRose              Luke Adam                60     1   2  2  
 2 Brett Sutter             Justin Florek            40     1   2  2  

4 vs 4 Defense
   Defense                  Defense                  Time % Phy DF OF 
 1 Maxim Noreau             Kyle Cumiskey            60     1   2  2  
 2 Ben Youds                Steve Oleksy             40     1   2  2  

Last Minutes Offensive
   Center                   Left Wing                Right Wing               Defense                  Defense                  
   Luke Adam                Justin Florek            Chad LaRose              Maxim Noreau             Kyle Cumiskey            

Last Minutes Defensive
   Center                   Left Wing                Right Wing               Defense                  Defense                  
   Luke Adam                Justin Florek            Chad LaRose              Maxim Noreau             Kyle Cumiskey            

Goaltenders
Starting : FARM GOALIE1             
Backup : FARM GOALIE11            

Extra Forwards
Normal : Brett Sutter, Tyler Brown, Justin Florek - PP : Justin Florek, Tyler Brown - PK : Justin Florek
Extra Defensemen
Normal : Ludwig Bystrom, Kyle Cumiskey, Ben Youds - PP : Ludwig Bystrom - PK : Maxim Noreau, Ben Youds
Penalty Shots
Jeremy Langlois, Tyler Brown, Brett Sutter, Justin Florek, Chad LaRose

% Time on Ice - Crunch

Lines # - Real PCT - Wanted PCT - Time Play
Normal Forward
1 - 26% - 30% - 13:32
2 - 27% - 30% - 13:47
3 - 25% - 25% - 13:00
4 - 22% - 15% - 11:04
Normal Defense
1 - 34% - 34% - 17:15
2 - 32% - 33% - 16:38
3 - 34% - 33% - 17:30
4 - 0% - 0% - 0:00
PP Forward
1 - 56% - 50% - 4:52
2 - 44% - 50% - 3:45
PP Defense
1 - 48% - 50% - 4:08
2 - 52% - 50% - 4:29
PK Forward
1 - 0% - 50%
2 - 0% - 50%
PK Defense
1 - 0% - 50%
2 - 0% - 50%
PK3 Forward
1 - 0% - 50%
2 - 0% - 50%
PK3 Defense
1 - 0% - 50%
2 - 0% - 50%
44 Forward
1 - 0% - 50%
2 - 0% - 50%
44 Defense
1 - 0% - 50%
2 - 0% - 50%
Last Minute Offensive  - 0:00
Last Minute Defensive  - 0:00
Total
Forward - 60:00
Defense - 60:00

% Time on Ice - Bears

Lines # - Real PCT - Wanted PCT - Time Play
Normal Forward
1 - 34% - 35% - 17:39
2 - 30% - 30% - 15:28
3 - 20% - 22% - 10:22
4 - 15% - 13% - 7:54
Normal Defense
1 - 31% - 35% - 15:41
2 - 35% - 30% - 18:09
3 - 29% - 22% - 14:59
4 - 5% - 13% - 2:34
PP Forward
1 - 0% - 60%
2 - 0% - 40%
PP Defense
1 - 0% - 60%
2 - 0% - 40%
PK Forward
1 - 82% - 60% - 7:06
2 - 18% - 40% - 1:31
PK Defense
1 - 67% - 60% - 5:46
2 - 33% - 40% - 2:51
PK3 Forward
1 - 0% - 60%
2 - 0% - 40%
PK3 Defense
1 - 0% - 60%
2 - 0% - 40%
44 Forward
1 - 0% - 60%
2 - 0% - 40%
44 Defense
1 - 0% - 60%
2 - 0% - 40%
Last Minute Offensive  - 0:00
Last Minute Defensive  - 0:00
Total
Forward - 60:00
Defense - 60:00

Play by Play

1st period


0:01 of 1st period - Sam Carrick wins face-off versus Luke Adam in neutral zone.
0:09 of 1st period - Minor Penalty to Kyle Cumiskey for Holding.
0:10 of 1st period - Chad LaRose wins face-off versus Sam Carrick in Bears zone.
1:07 of 1st period - Justin Florek is hit by Matt Hunwick and loses puck.
2:09 of 1st period - Penalty to Kyle Cumiskey is over, Kyle Cumiskey is back on ice.
2:17 of 1st period - Snap shot by Martin Havlat.
2:17 of 1st period - Goal by Martin Havlat - Crunch : 1 - Bears : 0.
2:18 of 1st period - Corban Knight wins face-off versus Jeremy Langlois in neutral zone.
3:31 of 1st period - Snap shot by Stanislav Galiev.
3:31 of 1st period - Stopped by FARM GOALIE1 with a rebound.
4:16 of 1st period - Karl Stollery is hit by Luke Adam and loses puck.
4:39 of 1st period - Snap shot by Jordin Tootoo.
4:39 of 1st period - Shot Blocked by Ben Youds.
4:41 of 1st period - Slapshot by Scott Hannan.
4:41 of 1st period - Stopped by FARM GOALIE1 with a rebound.
5:08 of 1st period - Icing by Ben Youds.
5:09 of 1st period - Luke Adam wins face-off versus Corban Knight in Bears zone.
5:15 of 1st period - Kevin Henderson is hit by Dustin Jeffrey and loses puck.
5:30 of 1st period - Snap shot by Daniel Cleary.
5:30 of 1st period - Shot Blocked by Ben Youds.
5:34 of 1st period - Backhand shot by Daniel Cleary.
5:34 of 1st period - Stopped by FARM GOALIE1 with a rebound.
5:36 of 1st period - Wrist shot by Markus Lauridsen.
5:36 of 1st period - Shot Misses the Net.
5:38 of 1st period - Slapshot by Markus Lauridsen.
5:38 of 1st period - Goal by Markus Lauridsen - Crunch : 2 - Bears : 0.
5:39 of 1st period - Brett Sutter wins face-off versus Casey Wellman in neutral zone.
5:56 of 1st period - Wrist shot by Justin Florek.
5:56 of 1st period - Stopped by Aaron Dell with a rebound.
6:00 of 1st period - Snap shot by Justin Florek.
6:00 of 1st period - Shot Misses the Net.
6:02 of 1st period - Snap shot by Brett Sutter.
6:02 of 1st period - Deflect By Jeremy Langlois.
6:02 of 1st period - Deflect By Martin Havlat.
6:02 of 1st period - Stopped by Aaron Dell without a rebound.
6:03 of 1st period - Brett Sutter wins face-off versus Sam Carrick in Crunch zone.
6:10 of 1st period - Slapshot by Jordin Tootoo.
6:10 of 1st period - Shot Misses the Net.
6:45 of 1st period - Kevin Henderson is hit by Karl Stollery and loses puck.
8:26 of 1st period - Snap shot by Stanislav Galiev.
8:26 of 1st period - Stopped by FARM GOALIE1 without a rebound.
8:27 of 1st period - Travis Oleksuk wins face-off versus Chad LaRose in Bears zone.
8:32 of 1st period - Wrist shot by Scott Hannan.
8:32 of 1st period - Shot Blocked by Ludwig Bystrom.
8:34 of 1st period - Backhand shot by Scott Hannan.
8:34 of 1st period - Stopped by FARM GOALIE1 with a rebound.
8:36 of 1st period - Slapshot by Daniel Carr.
8:36 of 1st period - Stopped by FARM GOALIE1 with a rebound.
9:37 of 1st period - Steve Oleksy is hit by Sam Carrick and loses puck.
11:49 of 1st period - Tyler Brown is hit by Travis Oleksuk and loses puck.
12:26 of 1st period - Slapshot by David Dziurzynski.
12:26 of 1st period - Stopped by Aaron Dell with a rebound.
12:28 of 1st period - Snap shot by David Dziurzynski.
12:28 of 1st period - Stopped by Aaron Dell without a rebound.
12:29 of 1st period - David Dziurzynski wins face-off versus Travis Moen in Crunch zone.
13:22 of 1st period - Steve Oleksy is hit by Dustin Jeffrey and loses puck.
13:35 of 1st period - Chad LaRose is hit by Jordin Tootoo and loses puck.
13:48 of 1st period - Snap shot by Matt Cooke.
13:48 of 1st period - Shot Blocked by Chad LaRose.
13:50 of 1st period - Slapshot by Nick Jensen.
13:50 of 1st period - Shot Misses the Net.
13:52 of 1st period - Slapshot by Markus Lauridsen.
13:52 of 1st period - Stopped by FARM GOALIE1 with a rebound.
14:08 of 1st period - Snap shot by Stanislav Galiev.
14:08 of 1st period - Stopped by FARM GOALIE1 with a rebound.
14:36 of 1st period - Wrist shot by Brett Sutter.
14:36 of 1st period - Shot Misses the Net.
14:38 of 1st period - Snap shot by Justin Florek.
14:38 of 1st period - Shot Blocked by Matt Hunwick.
15:08 of 1st period - Snap shot by Casey Wellman.
15:08 of 1st period - Stopped by FARM GOALIE1 with a rebound.
15:10 of 1st period - Slapshot by Nick Jensen.
15:10 of 1st period - Stopped by FARM GOALIE1 with a rebound.
16:02 of 1st period - Minor Penalty to Steve Oleksy for Tripping.
16:03 of 1st period - Chad LaRose wins face-off versus Sam Carrick in Bears zone.
16:55 of 1st period - Snap shot by Travis Moen.
16:55 of 1st period - Shot Blocked by Maxim Noreau.
16:57 of 1st period - Slapshot by Karl Stollery.
16:57 of 1st period - Goal by Karl Stollery - Crunch : 3 - Bears : 0.
16:58 of 1st period - Brett Sutter wins face-off versus Casey Wellman in neutral zone.
17:03 of 1st period - Slapshot by Ludwig Bystrom.
17:03 of 1st period - Stopped by Aaron Dell without a rebound.
17:04 of 1st period - Casey Wellman wins face-off versus Justin Florek in Crunch zone.
17:48 of 1st period - Icing by Ludwig Bystrom.
17:49 of 1st period - Brett Sutter wins face-off versus Sam Carrick in Bears zone.
17:49 of 1st period - Brett Sutter is hit by Matt Cooke.
18:01 of 1st period - Wrist shot by Jordin Tootoo.
18:01 of 1st period - Stopped by FARM GOALIE1 with a rebound.
18:03 of 1st period - Snap shot by Matt Cooke.
18:03 of 1st period - Goal by Matt Cooke - Crunch : 4 - Bears : 0.
18:03 of 1st period - FARM GOALIE11 enters game.
18:04 of 1st period - Tyler Brown wins face-off versus Sam Carrick in neutral zone.
18:46 of 1st period - Icing by Kyle Cumiskey.
18:47 of 1st period - Brett Sutter wins face-off versus Casey Wellman in Bears zone.
18:47 of 1st period - Brett Sutter is hit by Casey Wellman.
19:47 of 1st period - Slapshot by Ben Youds.
19:47 of 1st period - Stopped by Aaron Dell with a rebound.
Goals for this period are 4 for Crunch vs 0 for Bears.
Shots for this period are 15 for Crunch vs 6 for Bears.

2nd period


0:01 of 2nd period - Luke Adam wins face-off versus Jordin Tootoo in neutral zone.
0:04 of 2nd period - Scott Hannan is hit by Maxim Noreau and loses puck.
0:33 of 2nd period - Slapshot by Jordin Tootoo.
0:33 of 2nd period - Goal by Jordin Tootoo - Crunch : 5 - Bears : 0.
0:34 of 2nd period - Brett Sutter wins face-off versus Casey Wellman in neutral zone.
0:49 of 2nd period - Snap shot by Jeremy Langlois.
0:49 of 2nd period - Shot Hit the Post.
1:14 of 2nd period - Minor Penalty to Maxim Noreau for Roughing.
1:15 of 2nd period - Chad LaRose wins face-off versus Sam Carrick in Bears zone.
1:15 of 2nd period - Chad LaRose is hit by Nolan Yonkman.
1:36 of 2nd period - Matt Cooke is hit by Luke Adam and loses puck.
2:11 of 2nd period - Steve Oleksy is hit by Nolan Yonkman and loses puck.
2:44 of 2nd period - Steve Oleksy is hit by Jordin Tootoo and loses puck.
2:55 of 2nd period - Matt Hunwick is hit by Justin Florek and loses puck.
3:14 of 2nd period - Penalty to Maxim Noreau is over, Maxim Noreau is back on ice.
5:13 of 2nd period - Minor Penalty to Chad LaRose for Holding.
5:14 of 2nd period - Brad Mills wins face-off versus Casey Wellman in Bears zone.
5:23 of 2nd period - Kyle Cumiskey is hit by Casey Wellman and loses puck.
5:48 of 2nd period - Brad Mills is hit by Jordin Tootoo and loses puck.
6:35 of 2nd period - Maxim Noreau is hit by Nolan Yonkman and loses puck.
6:56 of 2nd period - Wrist shot by Martin Havlat.
6:56 of 2nd period - Shot Misses the Net.
6:58 of 2nd period - Wrist shot by Scott Hannan.
6:58 of 2nd period - Goal by Scott Hannan - Crunch : 6 - Bears : 0.
6:59 of 2nd period - Corban Knight wins face-off versus Brett Sutter in neutral zone.
7:08 of 2nd period - Snap shot by Dustin Jeffrey.
7:08 of 2nd period - Shot Blocked by Brandon Gormley.
7:23 of 2nd period - Icing by Brett Sutter.
7:24 of 2nd period - Travis Oleksuk wins face-off versus Brett Sutter in Bears zone.
7:48 of 2nd period - Slapshot by Nolan Yonkman.
7:48 of 2nd period - Stopped by FARM GOALIE11 with a rebound.
7:50 of 2nd period - Snap shot by Daniel Carr.
7:50 of 2nd period - Shot Misses the Net.
7:52 of 2nd period - Slapshot by Karl Stollery.
7:52 of 2nd period - Goal by Karl Stollery - Crunch : 7 - Bears : 0.
7:53 of 2nd period - Sam Carrick wins face-off versus Luke Adam in neutral zone.
8:01 of 2nd period - Matt Cooke is hit by Maxim Noreau and loses puck.
8:20 of 2nd period - Snap shot by Jordin Tootoo.
8:20 of 2nd period - Deflect By Sam Carrick.
8:20 of 2nd period - Goal by Sam Carrick - Crunch : 8 - Bears : 0.
8:20 of 2nd period - FARM GOALIE1 enters game.
8:21 of 2nd period - Brett Sutter wins face-off versus Martin Havlat in neutral zone.
8:42 of 2nd period - Icing by Steve Oleksy.
8:43 of 2nd period - Brett Sutter wins face-off versus Sam Carrick in Bears zone.
8:43 of 2nd period - Brett Sutter is hit by Matt Cooke.
9:18 of 2nd period - Snap shot by Jordin Tootoo.
9:18 of 2nd period - Stopped by FARM GOALIE1 without a rebound.
9:19 of 2nd period - Casey Wellman wins face-off versus Luke Adam in Bears zone.
9:22 of 2nd period - Wrist shot by Travis Moen.
9:22 of 2nd period - Stopped by FARM GOALIE1 with a rebound.
10:10 of 2nd period - Matt Hunwick is hit by Luke Adam and loses puck.
10:37 of 2nd period - Slapshot by Brandon Gormley.
10:37 of 2nd period - Stopped by Aaron Dell with a rebound.
10:39 of 2nd period - Snap shot by Luke Adam.
10:39 of 2nd period - Shot Blocked by Nick Jensen.
10:41 of 2nd period - Wrist shot by Brandon Gormley.
10:41 of 2nd period - Shot Blocked by Daniel Cleary.
10:43 of 2nd period - Slapshot by Brandon Gormley.
10:43 of 2nd period - Shot Misses the Net.
11:01 of 2nd period - Snap shot by Jeremy Langlois.
11:01 of 2nd period - Shot Misses the Net.
11:03 of 2nd period - Slapshot by Brandon Gormley.
11:03 of 2nd period - Stopped by Aaron Dell without a rebound.
11:04 of 2nd period - Brett Sutter wins face-off versus Sam Carrick in Crunch zone.
11:19 of 2nd period - Wrist shot by Sam Carrick.
11:19 of 2nd period - Goal by Sam Carrick - Crunch : 9 - Bears : 0.
11:20 of 2nd period - Luke Adam wins face-off versus Sam Carrick in neutral zone.
11:39 of 2nd period - Luke Adam is hit by Nolan Yonkman and loses puck.
12:06 of 2nd period - Luke Adam is hit by Travis Moen.
12:16 of 2nd period - Brett Sutter is hit by Travis Moen.
12:17 of 2nd period - Icing by Brett Sutter.
12:18 of 2nd period - Casey Wellman wins face-off versus Brett Sutter in Bears zone.
12:51 of 2nd period - Scott Hannan is hit by Brett Sutter and loses puck.
14:12 of 2nd period - Snap shot by Jeremy Langlois.
14:12 of 2nd period - Stopped by Aaron Dell without a rebound.
14:13 of 2nd period - Sam Carrick wins face-off versus Tyler Brown in Crunch zone.
15:14 of 2nd period - Tyler Brown is hit by Travis Oleksuk and loses puck.
15:21 of 2nd period - Snap shot by Stanislav Galiev.
15:21 of 2nd period - Shot Blocked by Brandon Gormley.
16:09 of 2nd period - Daniel Cleary is hit by Justin Florek.
16:53 of 2nd period - Scott Hannan is hit by David Dziurzynski and loses puck.
17:14 of 2nd period - Wrist shot by Jordin Tootoo.
17:14 of 2nd period - Shot Misses the Net.
18:35 of 2nd period - Snap shot by Martin Havlat.
18:35 of 2nd period - Shot Blocked by Kevin Henderson.
18:45 of 2nd period - Chad LaRose is hit by Markus Lauridsen and loses puck.
19:07 of 2nd period - Minor Penalty to Chad LaRose for Holding Stick.
19:08 of 2nd period - Brad Mills wins face-off versus Sam Carrick in Bears zone.
19:14 of 2nd period - Backhand shot by Jordin Tootoo.
19:14 of 2nd period - Shot Blocked by Ben Youds.
19:38 of 2nd period - Backhand shot by Matt Cooke.
19:38 of 2nd period - Stopped by FARM GOALIE1 with a rebound.
19:42 of 2nd period - Wrist shot by Matt Cooke.
19:42 of 2nd period - Stopped by FARM GOALIE1 with a rebound.
Goals for this period are 5 for Crunch vs 0 for Bears.
Shots for this period are 10 for Crunch vs 3 for Bears.

3rd period


0:01 of 3rd period - Justin Florek wins face-off versus Casey Wellman in neutral zone.
0:55 of 3rd period - Luke Adam is hit by Jordin Tootoo.
1:07 of 3rd period - Penalty to Chad LaRose is over, Chad LaRose is back on ice.
1:13 of 3rd period - Sam Carrick is hit by Brad Mills and loses puck.
2:18 of 3rd period - Justin Florek and Travis Oleksuk fight to a draw.
2:18 of 3rd period - Penalty to Justin Florek for Fighting.
2:18 of 3rd period - Penalty to Travis Oleksuk for Fighting.
2:19 of 3rd period - Brett Sutter wins face-off versus Sam Carrick in Crunch zone.
2:27 of 3rd period - Kevin Henderson and Jordin Tootoo fight to a draw.
2:27 of 3rd period - Penalty to Kevin Henderson for Fighting.
2:27 of 3rd period - Penalty to Jordin Tootoo for Fighting.
2:28 of 3rd period - Brett Sutter wins face-off versus Matt Cooke in Bears zone.
2:35 of 3rd period - Wrist shot by Tyler Brown.
2:35 of 3rd period - Shot Misses the Net.
2:56 of 3rd period - Snap shot by Brett Sutter.
2:56 of 3rd period - Stopped by Aaron Dell without a rebound.
2:57 of 3rd period - Brett Sutter wins face-off versus Corban Knight in Crunch zone.
3:18 of 3rd period - Wrist shot by Daniel Cleary.
3:18 of 3rd period - Stopped by FARM GOALIE1 with a rebound.
3:20 of 3rd period - Slapshot by Karl Stollery.
3:20 of 3rd period - Stopped by FARM GOALIE1 with a rebound.
3:44 of 3rd period - Ludwig Bystrom is hit by Daniel Carr and loses puck.
5:11 of 3rd period - Wrist shot by Martin Havlat.
5:11 of 3rd period - Deflect By Maxim Noreau.
5:11 of 3rd period - Shot Misses the Net.
5:11 of 3rd period - Puck is out of play.
5:12 of 3rd period - Jesse Root wins face-off versus Sam Carrick in Bears zone.
5:12 of 3rd period - Jesse Root is hit by Matt Cooke.
5:20 of 3rd period - Snap shot by Jeremy Langlois.
5:20 of 3rd period - Shot Misses the Net.
6:34 of 3rd period - Ben Youds is hit by Dustin Jeffrey and loses puck.
7:28 of 3rd period - Icing by Steve Oleksy.
7:29 of 3rd period - Brett Sutter wins face-off versus Sam Carrick in Bears zone.
7:40 of 3rd period - Slapshot by Kevin Henderson.
7:40 of 3rd period - Shot Blocked by Matt Cooke.
7:46 of 3rd period - Wrist shot by Luke Adam.
7:46 of 3rd period - Deflect By Karl Stollery.
7:46 of 3rd period - Stopped by Aaron Dell with a rebound.
7:48 of 3rd period - Snap shot by Kevin Henderson.
7:48 of 3rd period - Shot Blocked by Matt Cooke.
8:04 of 3rd period - Snap shot by Jesse Root.
8:04 of 3rd period - Shot Hit the Post.
8:34 of 3rd period - Casey Wellman is hit by Kyle Cumiskey and loses puck.
10:21 of 3rd period - Daniel Carr is hit by Steve Oleksy.
10:43 of 3rd period - Travis Oleksuk is hit by Kevin Henderson and loses puck.
11:36 of 3rd period - Andreas Athanasiou is hit by Casey Wellman.
12:14 of 3rd period - Icing by Dustin Jeffrey.
12:15 of 3rd period - Corban Knight wins face-off versus Tyler Brown in Crunch zone.
12:52 of 3rd period - Snap shot by Jordin Tootoo.
12:52 of 3rd period - Stopped by FARM GOALIE1 with a rebound.
12:54 of 3rd period - Wrist shot by Jordin Tootoo.
12:54 of 3rd period - Shot Misses the Net.
12:56 of 3rd period - Slapshot by Karl Stollery.
12:56 of 3rd period - Stopped by FARM GOALIE1 with a rebound.
12:58 of 3rd period - Slapshot by Matt Hunwick.
12:58 of 3rd period - Shot Blocked by Maxim Noreau.
13:00 of 3rd period - Snap shot by Sam Carrick.
13:00 of 3rd period - Shot Hit the Post.
13:02 of 3rd period - Slapshot by Scott Hannan.
13:02 of 3rd period - Shot Blocked by Kyle Cumiskey.
13:34 of 3rd period - Nick Jensen is hit by Chad LaRose and loses puck.
13:41 of 3rd period - Maxim Noreau is hit by Corban Knight and loses puck.
14:24 of 3rd period - Slapshot by Matt Hunwick.
14:24 of 3rd period - Shot Blocked by Brett Sutter.
14:42 of 3rd period - Brett Sutter is hit by Travis Moen and loses puck.
15:11 of 3rd period - Wrist shot by Tyler Brown.
15:11 of 3rd period - Stopped by Aaron Dell with a rebound.
15:17 of 3rd period - Ludwig Bystrom is hit by Daniel Cleary and loses puck.
16:07 of 3rd period - Ludwig Bystrom is hit by Travis Oleksuk and loses puck.
16:51 of 3rd period - Steve Oleksy is hit by Dustin Jeffrey and loses puck.
17:22 of 3rd period - Stanislav Galiev is hit by Brett Sutter and loses puck.
17:44 of 3rd period - Ben Youds is hit by Casey Wellman and loses puck.
18:13 of 3rd period - Ludwig Bystrom is hit by Nolan Yonkman and loses puck.
18:50 of 3rd period - Wrist shot by Luke Adam.
18:50 of 3rd period - Stopped by Aaron Dell with a rebound.
19:06 of 3rd period - Travis Oleksuk is hit by Kevin Henderson and loses puck.
Goals for this period are 0 for Crunch vs 0 for Bears.
Shots for this period are 4 for Crunch vs 4 for Bears.